Map: Eternal Empire LE

Players

soO - Winner!

  • Race: Zerg Zerg
  • Spawn Location: 7:00

Kelazhur

  • Race: Terran Terran
  • Spawn Location: 1:00

Event: StayAtHomestory Cup #1

VOD

Have the link to the VOD?

Description

Time

  • Played on: April 10, 2020, 8:42 a.m.
  • Length: 23:47

All games in this series

Show
View Real Time Build Order
Export as new Build Order

soO Zerg - Winner!

Build Orders: Hatch First, Muta Ling Bane 

Get SALT Encoding   

  12  0:01  Drone  
  13  0:12  Overlord  
  13  0:17  Drone  
  14  0:30  Drone  
  14  0:31  Drone  
  16  0:48  Hatchery  
  15  0:51  Drone  
  15  0:55  Drone  
  17  0:58  Drone  
  18  1:08  Extractor  
  17  1:13  Spawning Pool  
  17  1:16  Drone  
  17  1:20  Drone  
  18  1:28  Drone  
  19  1:39  Drone  
  20  1:49  Overlord  
  20  2:00  Queen x2  
  20  2:01  Zergling x4  
  26  2:12  Drone x2  
  28  2:23  Metabolic Boost, Extractor  
  28  2:24  Drone  
  28  2:25  Drone  
  29  2:36  Queen  
  31  2:38  Overlord  
  31  2:44  Drone x2  
  31  2:45  Drone, Extractor  
  34  2:55  Drone x2  
  36  3:04  Hatchery  
  36  3:07  Drone x2  
  36  3:12  Drone x2  
  40  3:18  Drone  
  41  3:22  Queen, Drone  
  41  3:24  Overlord  
  44  3:40  Overlord  
  44  3:47  Drone x4  
  44  3:48  Drone  
  49  3:49  Drone  
  49  3:54  Zergling x4  
  49  3:55  Overlord  
  52  3:57  Overlord  
  52  4:00  Queen  
  54  4:03  Zergling x2  
  55  4:13  Drone  
  55  4:14  Drone  
  56  4:17  Drone  
  56  4:18  Queen  
  56  4:20  Drone x2  
  56  4:21  Zergling x4  
  56  4:23  Drone  
  63  4:24  Lair  
  63  4:30  Drone  
  64  4:32  Overlord  
  64  4:38  Queen  
  64  4:40  Extractor x2  
  64  4:42  Drone x4  
  64  4:43  Spore Crawler, Drone x2  
  69  4:47  Spore Crawler  
  69  4:48  Drone  
  69  4:50  Drone x3  
  69  4:52  Drone  
  73  4:54  Spore Crawler  
  65  5:00  Drone x3  
  65  5:04  Drone x2  
  65  5:05  Drone  
  71  5:07  Drone  
  71  5:10  Drone x2  
  74  5:21  Zergling x8  
  78  5:23  Queen  
  78  5:28  Overlord  
  78  5:31  Drone  
  78  5:32  Drone  
  73  5:39  Drone x2  
  73  5:40  Drone  
  73  5:41  Drone  
  73  5:47  Drone  
  72  5:51  Drone, Spire  
  72  5:53  Drone  
  72  5:56  Drone x2  
  71  6:00  Zergling x4  
  71  6:08  Zergling x6  
  71  6:09  Drone  
  74  6:11  Drone  
  74  6:14  Extractor  
  74  6:15  Drone x2  
  74  6:18  Zergling x4  
  78  6:24  Drone x3  
  78  6:25  Drone  
  80  6:27  Drone  
  80  6:31  Drone x2  
  80  6:32  Extractor x2  
  81  6:38  Drone  
  81  6:39  Drone  
  83  6:44  Drone  
  84  6:48  Drone  
  84  6:49  Drone x3  
  84  6:50  Drone  
  89  6:54  Overlord  
  89  7:07  Mutalisk x3  
  89  7:08  Mutalisk  
  97  7:09  Hatchery  
  97  7:11  Overlord  
  97  7:13  Mutalisk  
  97  7:14  Mutalisk  
  100  7:16  Mutalisk  
  100  7:17  Mutalisk  
  105  7:26  Hatchery, Zerg Flyer Weapons Level 1  
  104  7:30  Mutalisk x3  
  104  7:33  Drone x3  
  112  7:40  Drone x2  
  112  7:43  Drone  
  113  7:47  Overlord  
  113  7:48  Overlord  
  113  7:50  Overlord  
  113  7:51  Evolution Chamber, Baneling Nest  
  110  7:52  Evolution Chamber  
  110  7:53  Drone x4  
  113  7:59  Overlord  
  113  8:05  Overlord  
  113  8:07  Drone x3  
  113  8:09  Hatchery  
  113  8:11  Mutalisk x2  
  119  8:16  Drone x2  
  119  8:19  Zerg Melee Weapons Level 1, Zerg Ground Armor Level 1  
  121  8:21  Drone x7  
  121  8:25  Unknown  
  127  8:35  Zergling x2  
  127  8:36  Zergling x8  
  127  8:38  Evolution Chamber  
  127  8:39  Evolution Chamber  
  129  8:47  Drone x3  
  130  8:49  Mutalisk x7  
  130  8:53  Centrifical Hooks  
  130  8:55  Drone x2  
  146  9:05  Extractor  
  146  9:08  Mutalisk x3, Extractor  
  150  9:11  Zergling x6  
  153  9:17  Overlord  
  153  9:19  Baneling x10  
  153  9:30  Mutalisk  
  153  9:31  Mutalisk x2  
  155  9:33  Zergling x14  
  155  9:35  Baneling  
  149  9:48  Mutalisk  
  149  9:49  Mutalisk x3  
  149  9:51  Zergling x26  
  159  10:00  Drone x4  
  163  10:07  Zerg Flyer Weapons Level 2  
  163  10:09  Drone x6  
  163  10:10  Drone x2  
  171  10:16  Zerg Ground Armor Level 2  
  171  10:17  Zerg Melee Weapons Level 2  
  171  10:18  Mutalisk  
  173  10:24  Baneling x11  
  173  10:36  Infestation Pit  
  173  10:38  Drone x2  
  174  10:47  Overlord x2  
  174  10:51  Hatchery  
  174  10:53  Spine Crawler  
  174  10:54  Spine Crawler  
  171  10:58  Drone x2  
  171  10:59  Overlord  
  173  11:05  Baneling x10  
  173  11:06  Zergling x30  
  173  11:07  Zergling x4  
  161  11:26  Mutalisk x13  
  182  11:33  Mutalisk x2  
  181  11:40  Drone x3  
  181  11:42  Hive  
  181  11:44  Drone x3  
  181  11:45  Drone x5  
  191  11:50  Drone x2  
  191  11:51  Drone x2  
  188  12:00  Zergling x8  
  192  12:03  Baneling x6  
  192  12:04  Baneling  
  192  12:11  Zergling x14  
  186  12:24  Unknown  
  186  12:28  Hatchery  
  162  12:39  Drone x3  
  162  12:44  Burrow  
  165  12:45  Pathogen Glands  
  165  12:52  Infestor x5  
  165  12:55  Infestor  
  177  13:01  Zerg Flyer Armor Level 1  
  169  13:08  Drone x2  
  169  13:11  Zerg Melee Weapons Level 3, Zerg Ground Armor Level 3  
  169  13:12  Zergling x2, Ultralisk Cavern  
  171  13:13  Zergling x30  
  186  13:23  Drone  
  187  13:36  Adrenal Glands  
  187  13:41  Neural Parasite  
  186  14:02  Chitinous Plating  
  185  14:27  Ultralisk x2  
  185  14:28  Spine Crawler  
  185  14:29  Spine Crawler  
  195  14:35  Spine Crawler x2  
  188  14:38  Ultralisk  
  188  14:40  Overseer x2  
  188  14:43  Pneumatized Carapace  
  194  14:46  Hatchery  
  193  14:56  Ultralisk  
  193  14:57  Zerg Flyer Weapons Level 3  
  189  15:07  Ultralisk  
  189  15:10  Drone x2  
  189  15:11  Drone  
  197  15:19  Zergling x4  
  197  15:21  Anabolic Synthesis, Baneling x22  
  199  15:25  Baneling x2  
  197  15:32  Zergling x8  
  195  15:47  Spine Crawler  
  190  15:50  Spine Crawler  
  190  15:51  Spine Crawler  
  186  16:12  Spire  
  181  16:19  Extractor  
  181  16:20  Extractor  
  181  16:22  Zergling x16, Ultralisk x2  
  192  16:36  Zergling x2  
  192  16:37  Zergling x16  
  162  17:04  Ultralisk  
  162  17:05  Ultralisk x2  
  180  17:11  Drone x5  
  180  17:14  Unknown  
  182  17:19  Viper x3  
  181  17:28  Drone x3  
  184  17:38  Baneling x9  
  184  17:41  Greater Spire, Zerg Flyer Armor Level 2  
  184  17:44  Spore Crawler, Extractor  
  184  17:45  Spine Crawler, Extractor  
  184  17:49  Zergling x38  
  192  18:13  Drone x2  
  192  18:14  Drone x2  
  185  18:49  Spore Crawler x2  
  185  18:54  Drone x2  
  185  18:55  Drone  
  186  18:58  Spine Crawler  
  186  19:01  Spore Crawler  
  175  19:11  Zergling x4, Ultralisk x3  
  175  19:12  Zergling x10  
  191  19:54  Drone x3  
  150  20:18  Viper x2  
  137  20:23  Drone  
  137  20:24  Infestor  
  137  20:25  Infestor x3  
  146  20:43  Mutalisk  
  146  20:44  Mutalisk x28  
  155  21:42  Drone  
  156  21:48  Drone x3  
  156  21:51  Ultralisk x3  
  156  21:52  Zergling x22, Ultralisk x2  
  196  22:07  Zergling x8  
  200  22:09  Overseer x3  
  200  22:18  Baneling x17  
  200  22:19  Baneling x2  
  196  22:25  Zergling x6  
  196  22:26  Zergling x4  
  165  23:14  Zergling x18  
  165  23:17  Unknown  
Show
View Real Time Build Order
Export as new Build Order

Kelazhur Terran 

Build Orders: Hellion Opening, Liberator Opening, Reaper Expand 

Get SALT Encoding   

  12  0:00  SCV  
  13  0:12  SCV  
  14  0:17  Supply Depot  
  14  0:25  SCV  
  15  0:38  SCV  
  15  0:39  Barracks  
  16  0:43  Refinery  
  16  0:50  SCV  
  17  1:03  SCV  
  18  1:15  SCV  
  19  1:26  Reaper  
  19  1:27  Orbital Command  
  20  1:39  Command Center  
  20  1:50  Supply Depot  
  20  1:52  SCV  
  21  1:58  Marine  
  22  2:05  Factory  
  22  2:09  SCV  
  22  2:13  Refinery  
  23  2:20  Barracks Reactor  
  23  2:21  SCV  
  24  2:33  SCV  
  25  2:45  SCV  
  26  2:51  Starport  
  26  2:52  Orbital Command  
  26  2:57  SCV  
  27  2:59  Hellion x2  
  31  3:10  SCV  
  32  3:19  SCV  
  33  3:21  Hellion x2  
  33  3:22  SCV  
  38  3:28  Medivac  
  40  3:34  Supply Depot  
  40  3:36  SCV  
  40  3:38  SCV  
  40  3:39  Armory  
  42  3:46  Hellion  
  42  3:47  Hellion  
  46  3:53  Supply Depot  
  46  3:56  SCV x2  
  48  4:04  Liberator  
  48  4:08  SCV x2  
  52  4:20  SCV x2  
  54  4:28  Command Center  
  54  4:32  SCV x2  
  54  4:36  Hellion x2  
  60  4:40  Supply Depot  
  60  4:44  SCV x2  
  62  5:02  SCV x2, Hellion x2  
  62  5:04  Supply Depot  
  68  5:07  Supply Depot  
  68  5:14  SCV x2  
  70  5:26  SCV x2, Hellion x2  
  75  5:32  Refinery  
  75  5:33  Refinery  
  75  5:34  Factory  
  75  5:35  Factory  
  75  5:38  SCV x2  
  75  5:40  SCV  
  72  5:47  Hellion  
  74  5:50  SCV x2  
  74  5:53  Orbital Command  
  76  5:58  Engineering Bay  
  76  6:03  SCV x2  
  78  6:04  Hellion  
  78  6:09  Hellion  
  76  6:11  Starport Reactor  
  76  6:15  SCV x2  
  76  6:16  Hellion x2  
  78  6:19  Factory Tech Lab x2  
  78  6:26  Orbital Command, Refinery  
  78  6:27  SCV x2  
  78  6:28  Terran Vehicle Weapons Level 1  
  78  6:29  Refinery  
  78  6:30  Supply Depot, Hellion  
  82  6:35  Factory  
  82  6:36  Factory  
  82  6:39  SCV x2  
  84  6:46  Hellion, Infernal Pre-Igniter  
  88  6:51  SCV x2  
  88  6:53  Thor  
  94  6:55  Thor  
  100  7:01  Hellion  
  100  7:02  Hellion x9  
  100  7:03  SCV  
  100  7:07  SCV  
  104  7:09  Missile Turret  
  104  7:11  Supply Depot  
  104  7:12  Missile Turret  
  104  7:16  SCV  
  104  7:17  Supply Depot  
  104  7:18  Hellion  
  104  7:19  Medivac x2  
  109  7:25  SCV x2  
  107  7:31  Factory Reactor, Factory Tech Lab  
  107  7:35  SCV, Missile Turret  
  107  7:36  Missile Turret  
  108  7:42  Thor  
  109  7:45  Thor  
  109  7:50  Missile Turret  
  115  7:54  Thor  
  115  7:57  Supply Depot  
  118  7:59  Hellion  
  118  8:00  Hellion  
  122  8:11  Hellion  
  124  8:14  Supply Depot x2  
  124  8:19  Hellion  
  126  8:20  SCV x3  
  126  8:24  Command Center  
  126  8:26  Hellion x2  
  133  8:29  Supply Depot x2  
  133  8:45  Siege Tank x3  
  133  8:46  Hellion x2  
  146  8:50  Terran Vehicle Weapons Level 2, Factory  
  146  8:51  Factory x2  
  146  8:53  Armory  
  146  8:57  Hellion  
  146  8:58  Hellion  
  150  9:13  Hellion x2  
  154  9:17  Siege Tank x2  
  154  9:18  Missile Turret  
  160  9:24  Supply Depot  
  160  9:35  Siege Tank  
  160  9:36  Hellion x4  
  123  9:53  Thor x2  
  129  10:00  Missile Turret x2  
  129  10:01  Missile Turret  
  129  10:02  Missile Turret x2  
  129  10:04  Hellion x4  
  129  10:05  Factory Tech Lab x2  
  131  10:14  Missile Turret  
  135  10:22  Thor  
  135  10:28  Missile Turret  
  135  10:33  Factory Reactor  
  135  10:34  Thor x2  
  145  10:45  Thor  
  151  10:55  Thor  
  157  10:58  Sensor Tower  
  157  11:11  Thor  
  146  11:19  Thor  
  131  11:45  Thor x2  
  131  11:46  Unknown  
  143  11:47  Missile Turret  
  143  11:50  Hellion  
  143  11:51  Hellion x4  
  143  11:52  Hellion  
  137  11:56  Command Center  
  137  12:00  Terran Vehicle Weapons Level 3  
  137  12:10  Planetary Fortress  
  137  12:11  SCV x3  
  140  12:17  Hellion  
  140  12:18  Hellion  
  144  12:23  SCV x3  
  137  12:35  SCV  
  137  12:36  Refinery, Siege Tank  
  140  12:38  Hellion x4  
  140  12:39  Drilling Claws  
  140  12:44  Missile Turret x2  
  148  12:46  Missile Turret  
  148  12:50  Missile Turret  
  148  12:51  Missile Turret  
  148  12:56  Terran Vehicle And Ship Armor Level 1  
  146  13:07  SCV x2  
  146  13:08  SCV, Supply Depot x2, Widow Mine x2  
  146  13:10  Supply Depot, Missile Turret  
  153  13:20  SCV  
  153  13:21  Refinery  
  153  13:23  Missile Turret  
  153  13:25  Missile Turret  
  153  13:29  Thor x2  
  153  13:30  Missile Turret  
  153  13:32  Missile Turret  
  165  13:35  Sensor Tower  
  165  13:36  Unknown  
  171  13:41  Hellion x4  
  171  13:43  Medivac x2  
  171  13:47  Supply Depot  
  171  13:48  Fusion Core  
  171  13:50  Supply Depot, Hi-Sec Auto Tracking  
  171  13:51  Supply Depot  
  171  13:54  Planetary Fortress  
  171  13:57  Refinery  
  171  14:02  Smart Servos  
  167  14:14  SCV x2  
  169  14:22  Command Center  
  169  14:25  Command Center  
  169  14:29  Medivac x2  
  167  14:40  Thor x2  
  167  14:41  Siege Tank x2  
  167  14:42  Hellion  
  191  14:45  Hellion  
  191  14:46  Hellion  
  185  14:53  Terran Vehicle And Ship Armor Level 2  
  185  14:54  Terran Ship Weapons Level 1  
  183  15:09  Hellion x5  
  183  15:10  Hellion  
  195  15:24  Sensor Tower  
  193  15:43  Siege Tank x2  
  193  15:49  Rapid Reignition System  
  196  15:55  Unknown  
  194  16:10  Orbital Command  
  180  16:37  Command Center  
  180  16:40  Command Center x2  
  180  16:46  Advanced Ballistics  
  176  16:50  Starport x2  
  176  16:52  Siege Tank x5  
  176  16:53  Hellion x6  
  180  16:59  Terran Ship Weapons Level 2  
  123  17:14  Hellion  
  123  17:16  Hellion x3  
  123  17:17  Hellion x2  
  133  17:24  Hellion  
  133  17:25  Terran Vehicle And Ship Armor Level 3  
  139  17:38  Thor x3  
  139  17:39  Widow Mine  
  139  17:40  Widow Mine  
  155  17:59  Thor  
  155  18:01  Widow Mine x5  
  167  18:11  Starport Reactor  
  167  18:12  Starport Reactor, Liberator x2  
  173  18:29  Orbital Command x2  
  167  18:40  Widow Mine  
  167  18:41  Widow Mine x4  
  172  18:46  Thor x2  
  172  18:47  Thor  
  188  18:57  Liberator  
  188  18:58  Liberator x2  
  188  18:59  Missile Turret  
  193  19:17  Terran Ship Weapons Level 3  
  193  19:18  Liberator x2  
  199  19:37  Planetary Fortress, Refinery  
  196  19:42  Refinery  
  186  19:58  Thor x2  
  182  20:09  Liberator x2  
  182  20:10  Liberator x4  
  171  20:16  Thor  
  171  20:17  Hellion  
  149  20:46  Mag-Field Accelerator, Thor x3  
  146  20:57  Missile Turret, Siege Tank x4  
  146  20:58  Hellion x5  
  168  21:11  Sensor Tower  
  168  21:17  Liberator x3  
  177  21:22  Missile Turret  
  173  21:30  Thor  
  158  21:38  Missile Turret  
  158  21:39  Missile Turret  
  155  21:51  Missile Turret  
  155  22:00  Neosteel Armor  
  151  22:05  Thor x2  
  159  22:27  Thor x2  
  164  22:32  Medivac x2  
  164  22:36  Missile Turret  
  165  22:37  Sensor Tower  
  165  22:38  Refinery  
  165  22:40  Refinery  
  165  22:41  Thor  
  164  22:54  Hellion x3  
  164  22:55  Missile Turret  
  146  23:06  SCV  
  146  23:07  SCV x5  
  146  23:08  Missile Turret  
Tags
 
Add a new tag
Caveats
  • Supply blocks, unpowered buildings, or Contaminate may cause inaccurate times.
  • Supply counts are checked every 10 seconds.